 Dungeon Crawl Stone Soup version 0.27-a0-1442-g87b6fcb595 (webtiles) character file.

Game seed: 9803750188339127502

1439 dolemite99 the Grave Robber (level 8, -7/58 HPs)
             Began as a Gnoll Necromancer on July 5, 2021.
             Was a Believer of Okawaru.
             Blown up by a wight (33 damage)
             ... with a mindburst bolt
             ... on level 6 of the Dungeon.
             The game lasted 00:10:27 (10039 turns).

dolemite99 the Grave Robber (Gnoll Necromancer)    Turns: 10039, Time: 00:10:27

Health: -7/58      AC: 14    Str:  8    XL:     8   Next: 74%
Magic:  11/17      EV: 11    Int: 16    God:    Okawaru [**....]
Gold:   249        SH:  5    Dex: 13    Spells: 12/19 levels left

rFire    . . .     SeeInvis .   a - +3 spear
rCold    . . .     Faith    .   i - +0 buckler
rNeg     . . .     Spirit   .   p - +3 ring mail {rPois}
rPois    +         Reflect  .   m - +1 helmet
rElec    .         Harm     .   A - +0 cloak
rCorr    .         Rampage  .   (no gloves)
Will     .....                  n - +1 pair of boots
Stlth    ++........             (no amulet)
HPRegen  0.19/turn              (no ring)
MPRegen  0.15/turn              (no ring)

@: very slightly contaminated
A: fangs 1, strong nose, distributed training
a: Renounce Religion, Heroism


You were on level 6 of the Dungeon.
You worshipped Okawaru.
Okawaru was pleased with you.
You visited 1 branch of the dungeon, and saw 6 of its levels.

You collected 249 gold pieces.

Inventory:

Hand Weapons
 a - a +3 spear (weapon)
 b - a +2 hunting sling
 c - a +0 dagger
 E - a +0 shortbow
Missiles
 d - 77 bolts
 f - 125 stones (quivered)
 j - 35 poisoned darts
 k - 11 boomerangs
 s - a throwing net
 B - a sling bullet
Armour
 i - a +0 buckler (worn)
 l - a scarf of shadows
 m - a +1 helmet (worn)
 n - a +1 pair of boots (worn)
 p - a +3 ring mail of poison resistance (worn)
 A - a +0 cloak (worn)
 C - a +0 pair of boots
 D - a scarf of shadows
 G - a +0 robe
Magical Staves
 g - a staff of poison
Jewellery
 y - a ring of resist corrosion
Wands
 o - a wand of iceblast (10)
 q - a wand of flame (10)
Scrolls
 e - a scroll of teleportation
 h - 2 scrolls of amnesia
 r - a scroll of enchant weapon
 z - a scroll of brand weapon {unknown}
 F - a scroll of identify {@r1}
Potions
 t - 2 potions of mutation {unknown}
 u - 2 potions of haste {unknown}
 v - a potion of flight {unknown}
 w - a potion of brilliance {unknown}
 x - 2 potions of curing {unknown}


   Skills:
 + Level 3.5 Fighting
 + Level 3.5 Short Blades
 + Level 3.5 Long Blades
 + Level 3.5 Axes
 + Level 3.5 Maces & Flails
 + Level 3.5 Polearms
 + Level 3.5 Staves
 + Level 3.5 Slings
 + Level 3.5 Bows
 + Level 3.5 Crossbows
 + Level 3.5 Throwing
 + Level 3.5 Armour
 + Level 5.8 Dodging
 + Level 5.5 Stealth
 + Level 3.5 Shields
 + Level 3.5 Unarmed Combat
 + Level 6.2 Spellcasting
 + Level 2.9 Conjurations
 + Level 2.9 Hexes
 + Level 2.9 Summonings
 + Level 7.7 Necromancy
 + Level 2.9 Translocations
 + Level 2.9 Transmutations
 + Level 2.9 Fire Magic
 + Level 2.9 Ice Magic
 + Level 2.9 Air Magic
 + Level 2.9 Earth Magic
 + Level 2.9 Poison Magic
 + Level 3.9 Invocations
 + Level 3.5 Evocations


You had 12 spell levels left.
You knew the following spells:

 Your Spells              Type           Power      Damage    Failure   Level
a - Pain                  Necr           100%       1d9       1%          1
b - Animate Skeleton      Necr           58%        N/A       1%          1
c - Vampiric Draining     Necr           14%        2d8       5%          3
d - Slow                  Hex            14%        N/A       19%         2

Your spell library contained the following spells:

 Spells                   Type           Power      Damage    Failure   Level
 Magic Dart               Conj           56%        1d5       13%         1
 Shock                    Conj/Air       56%        1d6       13%         1
 Animate Dead             Necr           14%        N/A       17%         4
 Searing Ray              Conj           28%        3d4       19%         2
 Confusing Touch          Hex            14%        N/A       36%         3
 Gell's Gravitas          Tloc           7%         N/A       36%         3
 Portal Projectile        Hex/Tloc       28%        N/A       36%         3
 Teleport Other           Tloc           14%        N/A       36%         3
 Agony                    Necr           29%        N/A       43%         5
 Excruciating Wounds      Necr           14%        N/A       43%         5
 Fulminant Prism          Conj/Hex       7%         3d7       77%         4
 Iskenderun's Mystic Bla  Conj/Tloc      14%        2d5       77%         4
 Leda's Liquefaction      Hex/Erth       7%         N/A       77%         4
 Blade Hands              Tmut           7%         N/A       98%         5
 Bolt of Magma            Conj/Fire/Erth 7%         4d6       98%         5
 Freezing Cloud           Conj/Ice/Air   7%         6-21      98%         5
 Dispersal                Tloc           7%         N/A       100%        6
 Simulacrum               Ice/Necr       11%        N/A       100%        6
 Statue Form              Tmut/Erth      9%         N/A       100%        6
 Maxwell's Capacitive Co  Air            7%         ∞         100%        8
 Polar Vortex             Ice            7%         N/A       100%        9


Dungeon Overview and Level Annotations

Branches:
Dungeon (6/15)             Temple (0/1) D:6

Altars:
Okawaru
Vehumet


Innate Abilities, Weirdness & Mutations

You have very sharp teeth.
Your uncanny sense of smell can sniff out nearby items.
Your experience applies equally to all skills.


Message History

Adjust (i)tems, (s)pells, or (a)bilities?
Adjust which spell? d - Slow Adjust to which letter?
Okay, then.
Casting: Pain (safe; 1% risk of failure)
Confirm with . or Enter, or press ? or * to list all spells.
Aiming: Slow (safe; 19% risk of failure)
Press: ? - help, Shift-Dir - straight line, f - wight
Aim: a wight, wielding a +4 flail, wearing a +0 robe and carrying a wand of mindburst (9) (wandering, hasn't noticed you, chance to affect: 50%)
The wight resists with significant effort.
Casting: Slow (safe; 19% risk of failure)
Confirm with . or Enter, or press ? or * to list all spells.
Aiming: Slow (safe; 19% risk of failure)
Press: ? - help, Shift-Dir - straight line, f/p - wight
Aim: a wight, wielding a +4 flail, wearing a +0 robe and carrying a wand of mindburst (9) (chance to affect: 50%)
You miscast Slow.
You are very lightly contaminated with residual magic.
Nothing appears to happen.
Casting: Slow (safe; 19% risk of failure)
Confirm with . or Enter, or press ? or * to list all spells.
Aiming: Slow (safe; 19% risk of failure)
Press: ? - help, Shift-Dir - straight line, f/p - wight
Aim: a wight, wielding a +4 flail, wearing a +0 robe and carrying a wand of mindburst (9) (chance to affect: 50%)
You miscast Slow.
Nothing appears to happen.
The wight zaps a wand.
Your mind is blasted!
Ouch! That really hurt!
Aiming: Throw Flame
Press: ? - help, Shift-Dir - straight line, f/p - wight
Aim: a wight, wielding a +4 flail, wearing a +0 robe and carrying a wand of mindburst (8) (71% to hit)
The puff of flame misses the wight.
The wight zaps a wand.
You struggle to resist.
Aiming: Throw Flame
Press: ? - help, Shift-Dir - straight line, f/p - wight
Aim: a wight, wielding a +4 flail, wearing a +0 robe and carrying a wand of mindburst (7) (71% to hit)
The puff of flame hits the wight.
The wight is heavily damaged.
The wight zaps a wand.
Your mind is blasted!
Ouch! That really hurt!
You die...

#### ###
#######..####
#.##
#...........#
#..#
#....[.....##
##.#
#.........##
#.##
#.........#
#..#
#.........#
##.#
#[........# #..
##...@.....#
#..
#..........#
##.
##..........#
###.
##...........#
####...
.#...z.......##
##......
............##
##.......
...........##
##........
..........##
##.........
.........##
#..........


You could see a wight.

Vanquished Creatures
  Sigmund (D:3)
  2 sky beasts
  An ogre (D:5)
  3 scorpions
  A water moccasin skeleton (D:6)
  3 killer bees (D:5)
  A wight (D:6)
  A howler monkey (D:4)
  A centaur zombie (D:6)
  A bullfrog zombie (D:5)
  3 jellies
  A hound (D:6)
  Ijyb (D:3)
  An orc wizard (D:5)
  Natasha (thrice) (D:4)
  A hound zombie (D:5)
  A howler monkey skeleton (D:6)
  12 adders
  3 gnolls (D:3)
  A white imp (D:5)
  2 adder skeletons
  3 worms
  3 dart slugs
  10 orcs
  4 endoplasms
  A giant cockroach (D:4)
  4 goblins
  3 hobgoblins
  5 kobolds
  2 quokkas
  12 ball pythons
  3 bats
  A frilled lizard (D:2)
  3 rats
98 creatures vanquished.

Notes
Turn   | Place    | Note
-------+----------+-------------------------------------------
     0 | D:1      | dolemite99 the Gnoll Necromancer began the quest for the
                  | Orb.
     0 | D:1      | Reached XP level 1. HP: 13/13 MP: 6/6
   470 | D:1      | Found a faded altar of an unknown god.
   482 | D:1      | Became a worshipper of Warmaster Okawaru
   482 | D:1      | Reached * piety under Okawaru
   610 | D:2      | Reached XP level 2. HP: 18/19 MP: 5/7
   621 | D:2      | Learned a level 1 spell: Animate Skeleton
  1178 | D:2      | Reached skill level 5 in Spellcasting
  1178 | D:2      | Reached XP level 3. HP: 12/25 MP: 0/9
  2547 | D:2      | Reached skill level 1 in Invocations
  2817 | D:3      | Noticed Ijyb
  2826 | D:3      | Killed Ijyb
  2827 | D:3      | Reached skill level 1 in Fighting
  2827 | D:3      | Reached skill level 1 in Short Blades
  2827 | D:3      | Reached skill level 1 in Long Blades
  2827 | D:3      | Reached skill level 1 in Axes
  2827 | D:3      | Reached skill level 1 in Maces & Flails
  2827 | D:3      | Reached skill level 1 in Polearms
  2827 | D:3      | Reached skill level 1 in Staves
  2827 | D:3      | Reached skill level 1 in Slings
  2827 | D:3      | Reached skill level 1 in Bows
  2827 | D:3      | Reached skill level 1 in Crossbows
  2827 | D:3      | Reached skill level 1 in Throwing
  2827 | D:3      | Reached skill level 1 in Armour
  2827 | D:3      | Reached skill level 1 in Shields
  2827 | D:3      | Reached skill level 1 in Unarmed Combat
  2827 | D:3      | Reached skill level 1 in Evocations
  2827 | D:3      | Reached XP level 4. HP: 10/32 MP: 3/11
  3473 | D:3      | Reached skill level 1 in Conjurations
  3473 | D:3      | Reached skill level 1 in Hexes
  3473 | D:3      | Reached skill level 1 in Summonings
  3473 | D:3      | Reached skill level 1 in Translocations
  3473 | D:3      | Reached skill level 1 in Transmutations
  3473 | D:3      | Reached skill level 1 in Fire Magic
  3473 | D:3      | Reached skill level 1 in Ice Magic
  3473 | D:3      | Reached skill level 1 in Air Magic
  3473 | D:3      | Reached skill level 1 in Earth Magic
  3473 | D:3      | Reached skill level 1 in Poison Magic
  3781 | D:3      | Noticed Sigmund
  4416 | D:4      | Got Tistrot's Compendium of Damaging Flight
  4431 | D:4      | Noticed Natasha
  4438 | D:4      | Killed Natasha
  4439 | D:4      | Reached XP level 5. HP: 24/37 MP: 5/12
  4767 | D:4      | Learned a level 3 spell: Vampiric Draining
  5249 | D:4      | Reached XP level 6. HP: 42/44 MP: 10/13
  5571 | D:4      | Noticed Natasha
  5576 | D:4      | Killed Natasha
  5577 | D:4      | Reached skill level 5 in Dodging
  5799 | D:5      | Entered Level 5 of the Dungeon
  7271 | D:4      | Noticed Natasha
  7277 | D:4      | Killed Natasha
  7278 | D:4      | Reached XP level 7. HP: 42/50 MP: 8/15
  7748 | D:5      | Reached skill level 5 in Stealth
  8323 | D:5      | Reached ** piety under Okawaru
  8495 | D:5      | Reached XP level 8. HP: 57/57 MP: 16/16
  8540 | D:5      | Found a radiant altar of Vehumet.
  9116 | D:6      | Found a staircase to the Ecumenical Temple.
  9778 | D:3      | Killed Sigmund
 10022 | D:6      | Learned a level 2 spell: Slow
 10039 | D:6      | Blown up by a wight

Illustrated notes

Levels and vault maps discovered:
D:1:      lightli_arrival_lavapool, layout_rooms,
          shapermc_ecumenical_altar_mp_highgroup, minmay_misc_feat_rugged
D:2:      layout_loops_ring, chequers_garden
D:3:      layout_loops_corners, uniq_sigmund, uniq_ijyb
D:4:      layout_basic, corexii_item_surrounded_by_moat, minmay_snake_closets,
          uniq_natasha
D:5:      layout_basic, vehumet_altar_wand_db, feat_on_display
D:6:      layout_cave_pods, lemuel_round_altar, minmay_temple_entry_glassed_door

Skill      XL: |  1  2  3  4  5  6  7  8 |
---------------+-------------------------+-----
Spellcasting   | 5 6 |  6.2
Invocations    | 1 2 3 |  3.9
Fighting       | 1 2 3 |  3.5
Short Blades   | 1 2 3 |  3.5
Long Blades    | 1 2 3 |  3.5
Axes           | 1 2 3 |  3.5
Maces & Flails | 1 2 3 |  3.5
Polearms       | 1 2 3 |  3.5
Staves         | 1 2 3 |  3.5
Slings         | 1 2 3 |  3.5
Bows           | 1 2 3 |  3.5
Crossbows      | 1 2 3 |  3.5
Throwing       | 1 2 3 |  3.5
Armour         | 1 2 3 |  3.5
Shields        | 1 2 3 |  3.5
Unarmed Combat | 1 2 3 |  3.5
Evocations     | 1 2 3 |  3.5
Conjurations   | 1 2 |  2.9
Hexes          | 1 2 |  2.9
Summonings     | 1 2 |  2.9
Translocations | 1 2 |  2.9
Transmutations | 1 2 |  2.9
Fire Magic     | 1 2 |  2.9
Ice Magic      | 1 2 |  2.9
Air Magic      | 1 2 |  2.9
Earth Magic    | 1 2 |  2.9
Poison Magic   | 1 2 |  2.9
Dodging        | 5 |  5.8
Stealth        | 5 |  5.5
Necromancy     | |  7.7

Action                   |  1- 3 |  4- 6 |  7- 9 || total
-------------------------+-------+-------+-------++-------
Melee: Staff             |     6 |    59 |       ||    65
       Bite              |     1 |     4 |     1 ||     6
       Spear             |       |       |    16 ||    16
 Fire: Hunting sling     |       |     6 |   151 ||   157
 Cast: Pain              |    65 |    93 |    23 ||   181
       Vampiric Draining |       |       |     8 ||     8
       Slow              |       |       |     1 ||     1
Invok: Heroism           |       |     3 |    10 ||    13
Evoke: Wand              |       |       |     2 ||     2
  Use: Scroll            |       |    12 |     2 ||    14
       Potion            |       |     1 |       ||     1
 Stab: Sleeping          |       |       |     1 ||     1
Armor: Robe              |     3 |       |       ||     3
       Ring mail         |       |    48 |    32 ||    80
Dodge: Dodged            |    12 |    67 |    70 ||   149
Block: Buckler           |       |       |    15 ||    15

Table legend: (Time is in decaauts)
 A = Elapsed time spent in this place.
 B = Non-inter-level travel time spent in this place.
 C = Inter-level travel time spent in this place.
 D = Time resting spent in this place.
 E = Time spent auto-exploring this place.
 F = Levels seen in this place.
 G = Mean time per level.
                   A        B        C        D        E       F      G
               +--------+--------+--------+--------+--------+-----+--------+
         Total |  10051 |   9695 |    356 |   4870 |   3394 |   6 | 1675.2 |
       Dungeon |  10051 |   9695 |    356 |   4870 |   3394 |   6 | 1675.2 |
               +--------+--------+--------+--------+--------+-----+--------+

Top non-repeatable levels by time:
     D:4: 3026 daAuts
     D:2: 1859 daAuts
     D:3: 1823 daAuts
     D:5: 1568 daAuts
     D:6: 916 daAuts
     D:1: 857 daAuts
